 Dungeon Crawl Stone Soup version 0.28.0 (webtiles) character file.

Game seed: 6766237497641361329

84 crazypyro the Skirmisher (level 4, -2/48 HPs)
             Began as an Ogre Monk on Feb 14, 2022.
             Was a Priest of Dithmenos.
             Slain by a shadow imp (3 damage)
             ... summoned by Natasha
             ... on level 2 of the Dungeon.
             The game lasted 00:01:20 (1244 turns).

crazypyro the Skirmisher (Ogre Monk)                Turns: 1244, Time: 00:01:21

Health: -2/48      AC:  3    Str: 17    XL:     4   Next: 45%
Magic:  4/4        EV: 10    Int: 11    God:    Dithmenos [***...]
Gold:   22         SH:  0    Dex: 11    Spells: 3/3 levels left

rFire   . . .      SeeInvis .   a - +0 mace
rCold   . . .      Faith    .   (no shield)
rNeg    . . .      Spirit   .   b - +0 robe
rPois   .          Reflect  .   (helmet restricted)
rElec   .          Harm     .   (no cloak)
rCorr   .          Rampage  .   (gloves unavailable)
Will    .....                   (boots unavailable)
Stlth   ++........              (no amulet)
HPRegen 0.16/turn               (no ring)
MPRegen 0.09/turn               (no ring)

@: wreathed by umbra
A: large, unfitting armour, tough skin 1
a: Renounce Religion, Shadow Step


You were on level 2 of the Dungeon.
You worshipped Dithmenos.
Dithmenos was most pleased with you.
You visited 1 branch of the dungeon, and saw 2 of its levels.

You collected 22 gold pieces.

Inventory:

Hand Weapons
 a - a +0 mace (weapon)
Armour
 b - a +0 robe (worn)
Jewellery
 c - a ring of protection from fire
Scrolls
 d - a scroll of vulnerability {unknown}


   Skills:
 - Level 4.1 Fighting
 * Level 4.0 Maces & Flails
 + Level 3.4 Dodging
 - Level 1.4 Stealth


You had 3 spell levels left.
You didn't know any spells.
Your spell library was empty.

Dungeon Overview and Level Annotations

Branches:
Dungeon (2/15)

Altars:
Dithmenos

Annotations:
D:2 Natasha


Innate Abilities, Weirdness & Mutations

You are too large for most types of armour.
You have tough skin. (AC +1)


Message History

The frilled lizard barely misses you.
You hit the frilled lizard but do no damage.
The frilled lizard barely misses you.
You sock the frilled lizard!
You kill the frilled lizard!
Dithmenos accepts your kill.
Found an embroidered scarf.
Natasha, Servant of Life and Death comes into view.
Natasha is nearby!
Natasha mumbles some strange words.
Natasha drinks a potion.
Natasha seems to speed up.
You see here a ball python corpse.
You hit the shadow imp.
The shadow imp is heavily wounded.
Natasha casts a spell at you. The magic dart hits you!
The shadow imp barely misses you. Natasha closely misses you.
The shadow imp closely misses you.
You miss Natasha. Natasha claws you. The shadow imp barely misses you.
Natasha claws you.
You hit Natasha.
Natasha is moderately wounded.
Natasha closely misses you. The shadow imp gestures at you.
You barely resist. You hit Natasha.
Natasha is heavily wounded.
Natasha casts a spell at you. The magic dart hits you.
* * * LOW HITPOINT WARNING * * *
The shadow imp hits you.
* * * LOW HITPOINT WARNING * * *
Natasha stares at you and mumbles some strange words.
The magic dart hits you!
* * * LOW HITPOINT WARNING * * *
You barely miss Natasha.
Natasha is heavily wounded.
Natasha claws you.
* * * LOW HITPOINT WARNING * * *
The shadow imp hits you.
You die...

###############.†.........
.....).<..................
################..........
#############.........
#....>..†...#####.....
#........##.# #[....
#.........†.# #.....
#...h.....#######.....
#...5@...............[
#................#....
.................#.#....
..##.<.#.....#####.....# #
#.#.###.#.... ......#
...(. ...#...........#
.####.##.##............ ..
.^ ............. #..
.......


You could see Natasha (fast) and a shadow imp (summoned).

Vanquished Creatures
  Natasha (twice) (D:2)
  4 bats (D:1)
  2 endoplasms
  6 goblins (D:1)
  A hobgoblin (D:1)
  2 jackals (D:2)
  4 kobolds (D:1)
  6 ball pythons
  2 frilled lizards
  3 rats (D:1)
32 creatures vanquished.

Notes
Turn   | Place    | Note
-------+----------+-------------------------------------------
     0 | D:1      | crazypyro the Ogre Monk began the quest for the Orb.
     0 | D:1      | Reached XP level 1. HP: 24/24 MP: 1/1
    59 | D:1      | Found a faded altar of an unknown god.
    75 | D:1      | Prayed at the altar of an unknown god.
    75 | D:1      | Became a worshipper of Dithmenos the Shadowed
    75 | D:1      | Reached * piety under Dithmenos
    75 | D:1      | Reached ** piety under Dithmenos
   187 | D:1      | Reached XP level 2. HP: 20/32 MP: 2/2
   446 | D:1      | Reached *** piety under Dithmenos
   617 | D:1      | Reached XP level 3. HP: 17/39 MP: 3/3
   992 | D:2      | Noticed Natasha
  1002 | D:2      | Killed Natasha
  1153 | D:2      | Noticed Natasha
  1162 | D:2      | Reached XP level 4. HP: 43/48 MP: 4/4
  1178 | D:2      | Killed Natasha
  1234 | D:2      | Noticed Natasha
  1243 | D:2      | HP: 2/48 [Natasha/magic dart (7)]
  1244 | D:2      | Slain by a shadow imp

Illustrated notes

Levels and vault maps discovered:
D:1:      dpeg_arrival_subterranean_lakeside_camping, layout_rooms,
          basic_ecumenical_altar
D:2:      layout_rooms, minmay_crystal_room, uniq_natasha

Skill      XL: |  1  2  3  4 |
---------------+-------------+-----
Maces & Flails | 3 4 |  4.0
Dodging        | 3 |  3.4
Fighting       | |  4.1
Stealth        | |  1.4

Action                   |  1- 3 |  4- 6 || total
-------------------------+-------+-------++-------
Melee: Mace              |    85 |    21 ||   106
       Punch             |     2 |     1 ||     3
 Stab: Sleeping          |     3 |       ||     3
Armor: Robe              |    34 |     1 ||    35
Dodge: Dodged            |    80 |    17 ||    97
